 Dungeon Crawl Stone Soup version 0.18.1-48-g4cf74bf (webtiles) character file.

60 Gargoyl the Skirmisher (level 3, -1/43 HPs)
             Began as a Demonspawn Abyssal Knight on July 25, 2016.
             Was a Follower of Lugonu.
             Killed from afar by a white imp (4 damage)
             ... with a puff of frost
             ... summoned by Natasha
             ... on level 2 of the Dungeon.
             The game lasted 00:03:19 (1200 turns).

Gargoyl the Skirmisher (Demonspawn Abyssal Knight)  Turns: 1200, Time: 00:03:19

Health: -1/43      AC: 21    Str: 10 (11) XL:     3   Next: 82%
Magic:  0/4        EV:  2    Int: 11 (13) God:    Lugonu [*.....]
Gold:   85         SH:  0    Dex: 10 (12) Spells: 0 memorised, 2 levels left

rFire  . . .     SeeInvis .     a - +1 hand axe
rCold  . . .     Gourm    .     (armour currently unavailable)
rNeg   + + +     Faith    .     (no shield)
rPois  +         Spirit   +     (helmet currently unavailable)
rElec  .         Dismiss  .     (cloak currently unavailable)
rCorr  .         Reflect  .     (gloves currently unavailable)
SustAt .         Harm     .     (boots currently unavailable)
MR     .....     NoTele   +     (no amulet)
Stlth  +.........               (no ring)
                                (no ring)

@: tree-form, not resistant to hostile enchantments, very unstealthy
A: blurry vision 1, low mp 1, powered by death 1, weak 1, magic shield
a: Depart the Abyss, Renounce Religion


You were on level 2 of the Dungeon.
You worshipped Lugonu.
Lugonu was aware of your devotion.
You were not hungry.
You were a tree.
You visited 1 branch of the dungeon, and saw 2 of its levels.
You visited the Abyss 1 time.

You collected 85 gold pieces.

Inventory:

Hand Weapons
 a - a +1 hand axe (weapon)
 i - a +0 spear
Missiles
 g - 6 tomahawks (quivered)
Armour
 d - a +0 swamp dragon armour (melded)
 t - a cursed +0 helmet (melded)
Wands
 f - a wand of enslavement (13/24)
 s - a wand of lightning (8/15)
 u - a wand of confusion (37/48)
Scrolls
 b - a scroll of teleportation {unknown}
 l - a scroll of remove curse {unknown}
 m - a scroll of immolation {unknown}
 o - a scroll of fog {unknown}
 q - a scroll of identify {unknown}
 v - 2 scrolls of noise {unknown}
Potions
 h - a potion of cancellation
Books
 e - a Necronomicon

   Spells                             Type                      Level
   a - Haunt                          Necromancy/Summoning         7
   b - Borgnjor's Revivification      Necromancy                   8
   c - Death's Door                   Charms/Necromancy            8
   d - Necromutation                  Transmutation/Necromancy     8
Comestibles
 c - a bread ration
 j - a slice of pizza
 p - a meat ration
 r - a chunk of flesh


   Skills:
 + Level 3.5 Fighting
 + Level 2.0 Axes
 * Level 2.6 Armour
 + Level 1.5 Dodging
 + Level 2.8 Invocations


You had 2 spell levels left.
You didn't know any spells.

Dungeon Overview and Level Annotations

Branches:
Dungeon (2/15)

Altars:
Fedhas
Zin

Annotations:
D:2 Natasha


Innate Abilities, Weirdness & Mutations

You regenerate a little health from kills.
When hurt, damage is shared between your health and your magic reserves.
Scrolls take you a little longer to read.
Your magical capacity is low (-10% MP).
You are weak. (Str -2)


Message History

The puff of frost hits you! Natasha claws you but does no damage.
The white imp hits you but does no damage.
The white imp gestures at you. The puff of frost hits you!
* * * LOW HITPOINT WARNING * * *
Drink which item? (? for menu, Esc to quit)
Okay, then.
Read which item? (? for menu, Esc to quit)
Really read with blurry vision while enemies are nearby?
Okay, then.
You barely miss Natasha.
Natasha is lightly wounded.
You hit the white imp.
The white imp is lightly wounded.
You barely miss the white imp.
The white imp is heavily wounded.
Natasha claws you but does no damage. The white imp gestures at you.
The puff of frost hits you!
You die...

##.).........# #
#............# #
########..#########.# #
#.........###### #.# #
#.#............# #.# #
#######.#.......####.#
##.## ................#
#.###...###
######.#....55.#
#.....#.... #.#...†♣h.#
#####...###
#.#.......#########.###
#.####.##.............##
##########.#
#.##########.###...
.........).# #.# #.#
#.#. .########### #.#
#.###.#. .## #.#
#.....#. ÷.# #.#####
#..####. #.# #.....#
####..# ##


You could see Natasha and 2 white imps.

Vanquished Creatures
  Natasha (D:2)
  A worm (D:2)
  2 giant geckos
  A giant cockroach (D:2)
  5 goblins
  3 hobgoblins
  7 kobolds
  3 bats (D:1)
  6 giant newts
  2 rats
31 creatures vanquished.

Notes
Turn   | Place    | Note
--------------------------------------------------------------
     0 | Abyss:1  | Gargoyl the Demonspawn Abyssal Knight began the quest for the Orb.
     0 | Abyss:1  | Reached XP level 1. HP: 18/18 MP: 2/2
    64 | Abyss:3  | Found a corrupted altar of Lugonu.
    86 | Abyss:3  | Noticed a thrashing horror
    90 | Abyss:3  | Noticed a starcursed mass
    92 | D:1      | Escaped the Abyss
   203 | D:1      | Reached * piety under Lugonu
   254 | D:1      | Gained mutation: You regenerate a little health from kills. [demonic ancestry]
   254 | D:1      | Reached XP level 2. HP: 23/24 MP: 3/3
   303 | D:1      | Reached skill level 1 in Dodging
   507 | D:1      | Found a glowing silver altar of Zin.
   681 | D:2      | Noticed Natasha
   690 | D:2      | Gained mutation: Scrolls take you a little longer to read. [potion of mutation]
   690 | D:2      | Gained mutation: Your magical capacity is low (-10% MP). [potion of mutation]
   690 | D:2      | Gained mutation: You are weak. (Str -2) [potion of mutation]
   691 | D:2      | Killed Natasha
   691 | D:2      | Gained mutation: When hurt, damage is shared between your health and your magic reserves. [demonic ancestry]
   691 | D:2      | Reached XP level 3. HP: 3/29 MP: 4/4
   899 | D:2      | Found a blossoming altar of Fedhas.
  1180 | D:2      | Noticed Natasha
  1200 | D:2      | Killed from afar by a white imp

Skill      XL: |  1  2 |
---------------+-------+-----
Armour         | 2 |  2.6
Dodging        | 1 |  1.5
Axes           | 2 |  2.0
Fighting       | |  3.5
Invocations    | |  2.8

Action                   || total
-------------------------++-------
Melee: Hand axe          ||    93
Invok: Depart the Abyss  ||     1
  Use: Potion            ||     4
  Eat: Chunk             ||     1
Armor: Swamp dragon armo ||    45
       Skin              ||    21
Dodge: Dodged            ||    57
